General information
- name: BNet
- type: Ladder team game (AT/RT)
- host: Battle.net
- saver: thotuhadawinboi
map: Cherryville
- players: 8
- length: 44:10
- speed: Fast
- version: 1.27 W3XP
- replay type: Public
» download(215 KB)
Players
team 1 (winner)

»
Redempliz (
yellow | 38 APM | 1324 actions | 34:49)
5 Blademaster
2 Wind Walk
3 Critical Strike
4 Shadow Hunter
2 Healing Wave
2 Hex
» actions
| Assign group hotkey | 6 | |
| Basic commands | 23 | |
| Build / train | 80 | |
| Enter build submenu | 22 | |
| Enter hero's abilities submenu | 9 | |
| Give item / drop item | 2 | |
| Remove unit from queue | 6 | |
| Right click | 785 | |
| Select / deselect | 339 | |
| Select group hotkey | 10 | |
| Use ability | 42 | |
1324 total
» units
| Peon | 31 | |
| Grunt | 2 | |
| Wind Rider | 12 | |
| Shaman | 4 | |
49 total
» upgrades
| Armor | 2 | |
| Melee Weapons | 0 | |
| Ranged Weapons | 3 | |
| Shaman Training | 2 | |
| Envenomed Spears | 1 | |
| Reinforced Defenses | 1 | |
9 total
» buildings
| Altar of Storms | 1 | |
| Barracks | 1 | |
| Orc Burrow | 6 | |
| War Mill | 1 | |
| Stronghold | 2 | |
| Voodoo Lounge | 1 | |
| Beastiary | 4 | |
| Spirit Lodge | 1 | |
| Great Hall | 1 | |
| Fortress | 1 | |
| Watch Tower | 5 | |
24 total
» build order
00:22 Altar of Storms
00:37 Barracks
00:52 Orc Burrow
01:15 War Mill
03:12 Orc Burrow
03:13 Stronghold
03:14 Stronghold
03:33 Voodoo Lounge
04:51 Orc Burrow
05:40 Beastiary
05:43 Beastiary
05:53 Beastiary
06:09 Orc Burrow
06:24 Spirit Lodge
07:29 Orc Burrow
08:07 Great Hall
08:54 Fortress
10:01 Orc Burrow
17:59 Beastiary
19:34 Watch Tower
19:37 Watch Tower
19:42 Watch Tower
19:45 Watch Tower
19:49 Watch Tower
» items
thotuhadawinboi (
teal | 63 APM | 2773 actions | 44:10)
6 Blademaster
3 Wind Walk
2 Critical Strike
1 Bladestorm
» actions
| Assign group hotkey | 110 | |
| Basic commands | 325 | |
| Build / train | 75 | |
| Enter build submenu | 60 | |
| Enter hero's abilities submenu | 6 | |
| Give item / drop item | 9 | |
| Right click | 1238 | |
| Select / deselect | 414 | |
| Select group hotkey | 355 | |
| Use ability | 180 | |
2773 total
» units
| Peon | 10 | |
| Grunt | 4 | |
| Goblin Shredder | 1 | |
| Troll Batrider | 8 | |
| Goblin Sapper | 8 | |
| Troll Witch Doctor | 1 | |
| Wind Rider | 5 | |
| Goblin Zeppelin | 1 | |
38 total
» upgrades
| Reinforced Defenses | 1 | |
| Liquid Fire | 1 | |
| Troll Regeneration | 1 | |
| Ranged Weapons | 3 | |
| Armor | 4 | |
| Envenomed Spears | 1 | |
11 total
» buildings
| Orc Burrow | 6 | |
| Altar of Storms | 1 | |
| Barracks | 1 | |
| Voodoo Lounge | 1 | |
| War Mill | 2 | |
| Stronghold | 2 | |
| Great Hall | 6 | |
| Watch Tower | 39 | |
| Fortress | 1 | |
| Beastiary | 4 | |
| Spirit Lodge | 1 | |
64 total
» build order
00:11 Orc Burrow
00:53 Altar of Storms
00:55 Barracks
01:09 Orc Burrow
01:40 Voodoo Lounge
02:41 War Mill
03:58 Stronghold
03:58 Stronghold
04:47 Great Hall
04:54 Orc Burrow
05:23 Watch Tower
06:35 Fortress
07:12 Watch Tower
07:12 Watch Tower
07:12 Watch Tower
07:13 Watch Tower
08:24 Orc Burrow
08:45 Beastiary
08:46 Beastiary
09:00 Beastiary
09:09 Beastiary
10:29 Watch Tower
10:30 Watch Tower
10:35 Watch Tower
10:36 Watch Tower
10:37 Watch Tower
10:38 Watch Tower
10:40 Watch Tower
11:25 War Mill
14:30 Spirit Lodge
17:35 Watch Tower
17:35 Watch Tower
17:37 Watch Tower
17:37 Watch Tower
17:38 Watch Tower
17:39 Watch Tower
20:03 Orc Burrow
20:07 Great Hall
20:13 Orc Burrow
22:23 Watch Tower
22:23 Watch Tower
23:16 Great Hall
24:46 Great Hall
24:57 Great Hall
25:00 Watch Tower
25:01 Watch Tower
25:05 Watch Tower
25:05 Watch Tower
26:08 Great Hall
26:10 Watch Tower
26:10 Watch Tower
26:12 Watch Tower
26:12 Watch Tower
26:12 Watch Tower
26:13 Watch Tower
26:17 Watch Tower
26:17 Watch Tower
26:20 Watch Tower
26:21 Watch Tower
26:23 Watch Tower
26:24 Watch Tower
26:26 Watch Tower
26:27 Watch Tower
» items
| Healing Salve | 6 | |
| Orb of Lightning | 1 | |
| Potion of Healing | 2 | |
| Potion of Mana | 1 | |
| Lesser Clarity Potion | 1 | |
| Scroll of Town Portal | 2 | |
| Staff of Teleportation | 1 | |
| Scroll of Regeneration | 1 | |
| Staff of Sanctuary | 1 | |
16 total
Victorino24 (
orange | 35 APM | 1549 actions | 44:09)
7 Keeper of the Grove
3 Force of Nature
3 Thorns Aura
1 Tranquility
» actions
| Assign group hotkey | 18 | |
| Basic commands | 42 | |
| Build / train | 60 | |
| Enter build submenu | 28 | |
| Enter hero's abilities submenu | 7 | |
| Remove unit from queue | 1 | |
| Right click | 682 | |
| Select / deselect | 383 | |
| Select group hotkey | 252 | |
| Use ability | 75 | |
1549 total
» units
| Wisp | 24 | |
| Archer | 3 | |
| Huntress | 3 | |
| Goblin Shredder | 1 | |
| Kobold Geomancer | 1 | |
| Assassin | 1 | |
| Chimaera | 3 | |
| Druid of the Talon | 3 | |
| Dryad | 1 | |
40 total
» upgrades
| Ultravision | 1 | |
| Strength of the Wild | 3 | |
| Corrosive Breath | 1 | |
| Druid of the Claw Training | 2 | |
| Reinforced Hides | 2 | |
| Mark of the Claw | 1 | |
10 total
» buildings
| Moon Well | 10 | |
| Altar of Elders | 1 | |
| Ancient of War | 1 | |
| Hunter's Hall | 1 | |
| Ancient Protector | 7 | |
| Tree of Ages | 1 | |
| Tree of Life | 3 | |
| Tree of Eternity | 1 | |
| Ancient of Wind | 1 | |
| Chimaera Roost | 4 | |
| Ancient of Lore | 3 | |
33 total
» build order
00:11 Moon Well
00:19 Altar of Elders
01:05 Moon Well
01:25 Ancient of War
01:55 Moon Well
02:31 Hunter's Hall
03:36 Ancient Protector
04:18 Ancient Protector
04:57 Tree of Ages
07:01 Tree of Life
07:21 Ancient Protector
07:26 Ancient Protector
07:30 Ancient Protector
07:37 Ancient Protector
07:47 Moon Well
07:49 Moon Well
07:51 Moon Well
08:37 Tree of Eternity
08:43 Ancient of Wind
09:57 Moon Well
10:03 Moon Well
10:31 Ancient Protector
11:35 Chimaera Roost
12:02 Chimaera Roost
13:33 Chimaera Roost
13:42 Chimaera Roost
14:21 Ancient of Lore
14:25 Ancient of Lore
14:30 Ancient of Lore
20:30 Tree of Life
22:40 Moon Well
22:41 Moon Well
23:03 Tree of Life
An0n (
red | 36 APM | 1177 actions | 32:45)
5 Mountain King
2 Storm Bolt
2 Bash
1 Thunder Clap
» actions
| Basic commands | 18 | |
| Build / train | 65 | |
| Enter build submenu | 38 | |
| Enter hero's abilities submenu | 5 | |
| Remove unit from queue | 1 | |
| Right click | 620 | |
| Select / deselect | 376 | |
| Use ability | 54 | |
1177 total
» units
| Peasant | 12 | |
| Footman | 13 | |
| Siege Engine | 12 | |
| Mortar Team | 3 | |
40 total
» upgrades
| Gunpowder | 3 | |
| Plating | 2 | |
| Barrage | 1 | |
6 total
» buildings
| Barracks | 1 | |
| Altar of Kings | 1 | |
| Farm | 12 | |
| Keep | 1 | |
| Lumber Mill | 1 | |
| Arcane Vault | 2 | |
| Castle | 1 | |
| Blacksmith | 1 | |
| Workshop | 4 | |
| Scout Tower | 9 | |
| Guard Tower | 6 | |
| Town Hall | 1 | |
| Arcane Sanctum | 1 | |
41 total
» build order
00:12 Barracks
00:15 Altar of Kings
00:19 Farm
00:56 Farm
01:41 Farm
02:57 Keep
03:00 Farm
04:10 Farm
04:40 Lumber Mill
05:32 Arcane Vault
06:04 Castle
06:10 Blacksmith
06:38 Farm
07:13 Workshop
07:31 Workshop
08:24 Workshop
08:44 Farm
09:33 Workshop
10:07 Farm
10:46 Farm
12:14 Farm
15:03 Scout Tower
15:10 Scout Tower
15:20 Scout Tower
15:21 Scout Tower
15:29 Scout Tower
15:35 Scout Tower
15:40 Guard Tower
15:44 Guard Tower
15:47 Scout Tower
15:50 Scout Tower
15:53 Guard Tower
15:56 Scout Tower
18:39 Guard Tower
18:40 Guard Tower
18:47 Guard Tower
23:13 Town Hall
23:44 Arcane Vault
23:53 Farm
24:15 Arcane Sanctum
25:02 Farm
» items
| Scroll of Regeneration | 1 | |
| Dust of Appearance | 1 | |
2 total
team 2 (loser)
JEAT (
purple | 65 APM | 1277 actions | 19:36)
5 Blademaster
2 Critical Strike
3 Wind Walk
3 Shadow Hunter
1 Hex
2 Healing Wave
» actions
| Assign group hotkey | 42 | |
| Basic commands | 64 | |
| Build / train | 58 | |
| Enter build submenu | 18 | |
| Enter hero's abilities submenu | 8 | |
| Give item / drop item | 5 | |
| Remove unit from queue | 1 | |
| Right click | 313 | |
| Select / deselect | 129 | |
| Select group hotkey | 548 | |
| Use ability | 91 | |
1277 total
» units
| Peon | 7 | |
| Grunt | 4 | |
| Goblin Shredder | 1 | |
| Troll Batrider | 13 | |
| Wind Rider | 4 | |
29 total
» upgrades
| Ranged Weapons | 3 | |
| Liquid Fire | 1 | |
| Envenomed Spears | 1 | |
| Armor | 1 | |
6 total
» buildings
| Altar of Storms | 1 | |
| Orc Burrow | 8 | |
| Barracks | 1 | |
| Voodoo Lounge | 1 | |
| Stronghold | 4 | |
| Beastiary | 4 | |
| War Mill | 1 | |
| Fortress | 1 | |
21 total
» build order
00:09 Altar of Storms
00:21 Orc Burrow
00:36 Barracks
01:43 Orc Burrow
01:54 Voodoo Lounge
02:52 Stronghold
02:52 Stronghold
02:52 Stronghold
03:49 Orc Burrow
05:24 Beastiary
05:33 Beastiary
05:43 Beastiary
05:59 War Mill
06:57 Orc Burrow
08:22 Fortress
09:29 Orc Burrow
09:54 Beastiary
11:10 Orc Burrow
16:26 Orc Burrow
17:23 Orc Burrow
» items
| Healing Salve | 3 | |
| Circlet of Nobility | 1 | |
| Orb of Lightning | 1 | |
5 total

»
soufusa (
pink | 28 APM | 483 actions | 17:05)
3 Demon Hunter
1 Immolation
2 Evasion
» actions
| Assign group hotkey | 10 | |
| Basic commands | 2 | |
| Build / train | 47 | |
| Enter build submenu | 20 | |
| Enter hero's abilities submenu | 4 | |
| Remove unit from queue | 4 | |
| Right click | 148 | |
| Select / deselect | 197 | |
| Select group hotkey | 27 | |
| Use ability | 24 | |
483 total
» units
| Wisp | 18 | |
| Mountain Giant | 6 | |
| Dryad | 4 | |
28 total
» upgrades
| Strength of the Wild | 3 | |
| Reinforced Hides | 3 | |
| Hardened Skin | 1 | |
| Resistant Skin | 1 | |
| Abolish Magic | 1 | |
9 total
» buildings
| Altar of Elders | 1 | |
| Moon Well | 8 | |
| Tree of Ages | 1 | |
| Hunter's Hall | 1 | |
| Ancient of Lore | 4 | |
| Ancient of Wonders | 2 | |
| Tree of Life | 2 | |
| Tree of Eternity | 1 | |
20 total
» build order
00:08 Altar of Elders
00:10 Moon Well
01:24 Moon Well
02:11 Tree of Ages
02:19 Moon Well
02:31 Hunter's Hall
03:22 Moon Well
03:41 Moon Well
04:36 Ancient of Lore
04:39 Ancient of Lore
04:47 Ancient of Wonders
05:15 Tree of Life
08:08 Tree of Eternity
08:53 Moon Well
09:00 Moon Well
09:08 Moon Well
13:47 Ancient of Lore
13:55 Ancient of Lore
14:56 Tree of Life
15:25 Ancient of Wonders
» items
kowabngaogaboga (
blue | 79 APM | 3503 actions | 44:09)
8 Blademaster
3 Wind Walk
3 Critical Strike
1 Bladestorm
1 Mirror Image
1 Shadow Hunter
1 Hex
1 Demon Hunter
1 Immolation
» actions
| Assign group hotkey | 97 | |
| Basic commands | 42 | |
| Build / train | 139 | |
| ESC pressed | 13 | |
| Enter build submenu | 85 | |
| Enter hero's abilities submenu | 10 | |
| Give item / drop item | 2 | |
| Right click | 1242 | |
| Select / deselect | 439 | |
| Select group hotkey | 1055 | |
| Use ability | 379 | |
3503 total
» units
| Peon | 30 | |
| Grunt | 3 | |
| Goblin Shredder | 9 | |
| Wind Rider | 9 | |
| Goblin Zeppelin | 3 | |
| Goblin Sapper | 4 | |
| Troll Batrider | 5 | |
63 total
» upgrades
| Berserker Strength | 1 | |
| Pillage | 1 | |
| Armor | 3 | |
| Ranged Weapons | 3 | |
| Reinforced Defenses | 1 | |
| Envenomed Spears | 1 | |
| Troll Regeneration | 1 | |
| Liquid Fire | 1 | |
| Melee Weapons | 3 | |
| Burning Oil | 1 | |
| Well Spring | 1 | |
| Ensnare | 1 | |
| Berserker Upgrade | 1 | |
| Spiked Barricades | 3 | |
| War Drums Damage Increase | 1 | |
| Backpack | 1 | |
| Shaman Training | 2 | |
| Witch Doctor Training | 2 | |
| Spirit Walker Training | 1 | |
29 total
» buildings
| Orc Burrow | 7 | |
| Altar of Storms | 1 | |
| Barracks | 5 | |
| Voodoo Lounge | 4 | |
| Great Hall | 6 | |
| Stronghold | 4 | |
| War Mill | 1 | |
| Watch Tower | 43 | |
| Fortress | 3 | |
| Beastiary | 4 | |
| Ancient Protector | 1 | |
| Moon Well | 6 | |
| Spirit Lodge | 3 | |
88 total
» build order
00:06 Orc Burrow
00:09 Orc Burrow
01:05 Altar of Storms
01:08 Barracks
01:55 Voodoo Lounge
03:37 Orc Burrow
04:18 Great Hall
04:50 Stronghold
04:51 Stronghold
04:51 Stronghold
05:37 War Mill
05:41 Orc Burrow
07:01 Watch Tower
07:02 Watch Tower
07:05 Watch Tower
07:20 Orc Burrow
08:02 Fortress
08:03 Fortress
08:09 Beastiary
08:11 Beastiary
08:33 Watch Tower
08:34 Watch Tower
09:04 Beastiary
09:31 Watch Tower
09:37 Watch Tower
09:43 Watch Tower
09:46 Watch Tower
09:50 Watch Tower
09:54 Watch Tower
12:29 Orc Burrow
12:30 Orc Burrow
12:41 Watch Tower
17:44 Ancient Protector
18:44 Beastiary
18:46 Barracks
19:43 Watch Tower
19:44 Watch Tower
19:45 Watch Tower
20:11 Barracks
20:49 Moon Well
20:51 Moon Well
20:52 Moon Well
20:57 Watch Tower
21:00 Watch Tower
21:02 Watch Tower
21:13 Watch Tower
21:14 Watch Tower
21:18 Watch Tower
24:02 Watch Tower
24:03 Watch Tower
24:06 Watch Tower
24:08 Watch Tower
24:11 Watch Tower
24:12 Watch Tower
24:30 Great Hall
30:12 Watch Tower
30:36 Watch Tower
30:41 Watch Tower
31:08 Watch Tower
33:40 Great Hall
33:53 Great Hall
34:01 Great Hall
38:11 Moon Well
38:14 Moon Well
38:16 Moon Well
38:33 Voodoo Lounge
38:39 Voodoo Lounge
38:44 Voodoo Lounge
38:53 Watch Tower
38:54 Watch Tower
38:56 Watch Tower
38:58 Watch Tower
39:03 Watch Tower
39:04 Watch Tower
39:05 Watch Tower
39:06 Watch Tower
39:11 Watch Tower
39:11 Watch Tower
39:12 Watch Tower
39:16 Watch Tower
41:08 Great Hall
41:29 Spirit Lodge
41:30 Spirit Lodge
41:33 Spirit Lodge
41:44 Barracks
41:46 Barracks
» items
| Healing Salve | 2 | |
| Lesser Clarity Potion | 1 | |
| Boots of Speed | 3 | |
| Tiny Great Hall | 4 | |
| Orb of Lightning | 1 | |
| Dust of Appearance | 2 | |
13 total

»
Annanicole07 (
green | 19 APM | 364 actions | 18:47)
3 Blademaster
1 Mirror Image
1 Wind Walk
1 Critical Strike
» actions
| Build / train | 61 | |
| Enter build submenu | 16 | |
| Enter hero's abilities submenu | 3 | |
| Right click | 160 | |
| Select / deselect | 93 | |
| Use ability | 31 | |
364 total
» units
| Peon | 11 | |
| Grunt | 3 | |
| Troll Headhunter/Berserker | 2 | |
| Raider | 11 | |
| Shaman | 9 | |
| Dryad | 9 | |
45 total
» upgrades
| Pillage | 1 | |
| Melee Weapons | 3 | |
| Armor | 2 | |
| Ranged Weapons | 1 | |
| Ensnare | 1 | |
| Shaman Training | 1 | |
9 total
» buildings
| Altar of Storms | 1 | |
| Barracks | 1 | |
| Orc Burrow | 7 | |
| Voodoo Lounge | 1 | |
| War Mill | 1 | |
| Stronghold | 1 | |
| Beastiary | 1 | |
| Watch Tower | 2 | |
| Spirit Lodge | 1 | |
| Fortress | 1 | |
17 total
» build order
00:09 Altar of Storms
00:15 Barracks
00:23 Orc Burrow
02:05 Orc Burrow
02:24 Orc Burrow
03:19 Orc Burrow
03:28 Voodoo Lounge
03:41 War Mill
04:29 Orc Burrow
04:35 Orc Burrow
06:42 Stronghold
09:35 Beastiary
09:42 Watch Tower
09:48 Watch Tower
10:29 Spirit Lodge
11:56 Fortress
12:18 Orc Burrow
» items
Chat log
(05:39 / Allies) An0n: units?
(10:47 / Allies) An0n: wood?
(11:05 / Allies) An0n: ty
(14:43 / Allies) An0n: hit something
(15:06 / Allies) An0n: oj share control
(15:33 / All) thotuhadawinboi: mher
(15:38 / All) thotuhadawinboi: PURPLE = MHER
(15:50 / All) thotuhadawinboi: I had vision on you you din't me
(16:08 / All) thotuhadawinboi: OVERT FUCKING HACKER
(17:05 / All) kowabngaogaboga: STAY
(20:07 / All) An0n: gg
(20:16 / All) kowabngaogaboga: if u surrender u leave
(20:17 / All) kowabngaogaboga: so out
(20:21 / All) kowabngaogaboga: why surrender and stay?
(20:23 / All) kowabngaogaboga: gg, not wp, I win
(20:37 / All) Redempliz: shh
(21:51 / All) kowabngaogaboga: good wyvern micro yellow
(21:52 / 8) thotuhadawinboi: ]you get my whispers?
(21:54 / Allies) Redempliz: lmao
(21:58 / All) Redempliz: give you hope
(22:00 / 8) thotuhadawinboi: put puyrple in your base
(22:00 / All) Redempliz: i help you
(22:39 / 8) thotuhadawinboi: take very bottom expo
(23:32 / 8) thotuhadawinboi: kill orange expo
(23:46 / 5) kowabngaogaboga: k
(24:08 / Allies) Victorino24: gold??
(24:24 / Allies) Victorino24: blue, can you share gold?
(24:34 / Allies) An0n: lmao
(24:45 / Allies) An0n: get dust
(25:10 / All) kowabngaogaboga: oh didn't see dot
(25:57 / 8) thotuhadawinboi: gonna sapper red expo finish it off if yo ucan
(26:20 / Allies) Redempliz: k give me gold
(26:23 / Allies) Redempliz: if noones gonna do anything
(26:32 / Allies) Victorino24: fucking blue shit
(27:06 / 8) thotuhadawinboi: use bat on chim
(27:12 / 8) thotuhadawinboi: mass mortar coming
(27:36 / Allies) An0n: gold?
(27:50 / Allies) Victorino24: red come with me
(28:05 / Allies) Victorino24: come yellow too
(28:13 / 5) kowabngaogaboga: how the hell does yellow keep seeing my expos
(28:17 / 5) kowabngaogaboga: he was going right to that again
(28:19 / 5) kowabngaogaboga: o hhe backed off
(28:24 / 8) thotuhadawinboi: kill reds supply train when you get the chance
(28:31 / 8) thotuhadawinboi: woith bm
(28:34 / 5) kowabngaogaboga: my base
(29:32 / Allies) An0n: teal is tking
(29:33 / Allies) An0n: ...
(30:15 / Allies) An0n: gg i guess....
(30:19 / Allies) Redempliz: his name is
(30:23 / Allies) Redempliz: thotuhadawinboi
(30:25 / Allies) Redempliz: lol
(30:43 / All) thotuhadawinboi: OOOOH
(30:45 / All) thotuhadawinboi: AAAAH
(30:48 / All) thotuhadawinboi: YOU THOUGHT YOU HAD A WIN BOY
(30:59 / Allies) An0n: lol
(31:09 / Allies) An0n: should have seen that coming and tked him
(31:14 / Allies) Redempliz: lol
(31:21 / Allies) Redempliz: for real
(31:21 / Allies) An0n: gg
(31:21 / Allies) Redempliz: wtf
(31:26 / Allies) An0n: gonna smoke this bowl
(31:48 / 8) thotuhadawinboi: free ring of regen
(32:27 / All) kowabngaogaboga: I alt tabbed; didn't even watch that fight
(32:35 / All) kowabngaogaboga: I own your bm with my eyes on my web browser
(33:19 / 8) thotuhadawinboi: start mass expoing
(33:37 / 8) thotuhadawinboi: you there?
(33:41 / 5) kowabngaogaboga: k
(33:44 / 5) kowabngaogaboga: was tabbed a sec
(38:42 / 8) thotuhadawinboi: he thinks he's spiting me I guess
(38:45 / 8) thotuhadawinboi: by using yellows stuff
(38:48 / 8) thotuhadawinboi: to kill our bases
(39:32 / 5) kowabngaogaboga: what a piece of shit blademaster, ring of prot +2 and wand of illusion
(39:41 / All) kowabngaogaboga: yellow wishes he had a +20 pendant of energy bm like mine
(39:55 / 8) thotuhadawinboi: kill it
(40:02 / 5) kowabngaogaboga: need to get dust
(40:12 / 8) thotuhadawinboi: just attack it
(40:27 / All) kowabngaogaboga: 296 crit
(40:45 / All) kowabngaogaboga: yellow don't you wish you had a bm that could do 296 crits?
(40:47 / All) kowabngaogaboga: rather than...
(40:50 / All) kowabngaogaboga: NO BM AT ALL?
(42:56 / 8) thotuhadawinboi: gonna give him control see if he kills last tower
(43:12 / 5) kowabngaogaboga: lol
(43:36 / 8) thotuhadawinboi: go bladestorm last tower
(43:57 / 5) kowabngaogaboga: k
(44:07 / 8) thotuhadawinboi: there he goes lol